 Dungeon Crawl Stone Soup version 0.21.1-1-g345015fe64 (webtiles) character file.

3941 Delanovic the Basher (level 10, -12/153 HPs)
             Began as a Troll Berserker on Apr 24, 2018.
             Was a High Priest of Trog.
             Mangled by a white ugly thing (29 damage)
             ... on level 8 of the Dungeon.
             The game lasted 00:27:59 (9917 turns).

Delanovic the Basher (Troll Berserker)              Turns: 9917, Time: 00:28:00

Health: -12/153    AC: 32    Str: 28    XL:     10   Next: 1%
Magic:  9/9        EV:  1    Int:  3    God:    Trog [*****.]
Gold:   517        SH:  4    Dex: 11    Spells: 9/9 levels left

rFire    . . .     SeeInvis .   p - +5 flail (protect)
rCold    . . .     Gourm    +   (no shield)
rNeg     + + +     Faith    .   (armour currently unavailable)
rPois    +         Spirit   .   (helmet currently unavailable)
rElec    .         Reflect  +   (cloak currently unavailable)
rCorr    .         Harm     .   (gloves unavailable)
MR       .....     NoTele   +   (boots unavailable)
Stlth    +.........             g - +4 amulet of reflection
HPRegen  0.75/turn              s - ring of flight
MPRegen  0.11/turn              (no ring)

@: tree-form, protection aura
A: large, unfitting armour, fast metabolism 3, gourmand, regeneration 1
a: Berserk, Trog's Hand, Brothers in Arms, Burn Spellbooks, Renounce Religion


You were on level 8 of the Dungeon.
You worshipped Trog.
Trog was extremely pleased with you.
You were not hungry.
You were a tree.
You visited 1 branch of the dungeon, and saw 9 of its levels.
You also visited: Sewer.

You collected 517 gold pieces.

Inventory:

Hand Weapons
 a - a +0 mace
 p - a +5 flail of protection (weapon)
Missiles
 m - 2 throwing nets (quivered)
Armour
 b - a +1 animal skin (melded)
 h - a scarf of resistance (melded)
Jewellery
 g - a +4 amulet of reflection (around neck)
 s - a ring of flight (left branch)
 A - an uncursed amulet of rage
Wands
 d - a wand of disintegration (10)
 j - a wand of digging (9)
 l - a wand of random effects (40)
 v - a wand of flame (39)
 x - a wand of acid (4)
Scrolls
 e - 2 scrolls of random uselessness
 o - 2 scrolls of teleportation
 w - a scroll of remove curse
 y - 2 scrolls of identify
Potions
 f - 3 potions of brilliance
 i - 3 potions of magic
 n - 2 potions of haste
Comestibles
 c - 8 rations


   Skills:
 + Level 7.4 Fighting
 + Level 8.1 Maces & Flails
 + Level 7.4 Dodging


You had 9 spell levels left.
You didn't know any spells.

Dungeon Overview and Level Annotations

Branches:
Dungeon (9/15)             Temple (0/1) D:4
   Lair: D:8-11         Orc: D:9-12

Altars:
Ashenzari
Cheibriados
Elyvilon
Gozag
Kikubaaqudgha
Makhleb
Qazlal
Ru
Sif Muna
Trog
Uskayaw
Vehumet
Xom
Zin


Innate Abilities, Weirdness & Mutations

You are too large for most types of armour.
((You have claws for hands.))
Your metabolism is lightning-fast.
You like to eat raw meat.
Your natural rate of healing is unusually fast.
((You are covered in fur. (AC +1)))
((You have very tough skin. (AC +2)))


Message History

You closely miss the white ugly thing.
The white ugly thing is heavily wounded.
The white ugly thing stings you but does no damage.
You closely miss the white ugly thing.
The white ugly thing is heavily wounded.
The white ugly thing stings you but does no damage.
You sock the white ugly thing!
The white ugly thing is severely wounded.
The white ugly thing stings you. The white ugly thing freezes you!!
* * * LOW HITPOINT WARNING * * *
Okay, then.
As you read the scroll labeled MOMUOST HUNK, it crumbles to dust.
You feel blessed for a moment.
It was a scroll of remove curse.
The white ugly thing stings you but does no damage.
You sock the white ugly thing!
The white ugly thing is almost dead.
The white ugly thing stings you.
* * * LOW HITPOINT WARNING * * *
The white ugly thing freezes you!!
You die...

#.######.# ##.## #####
#.#......### #...####...#####
#.#.#......######...........#
#........###.....####...###.#
#.#.#.##.# ##...## ##### #.#
#........# ##.## #.#
###.##.#.# #.# #.# #.##.#.#
#u# #O# #.##>#.# ##♣## #.#
#......# ##...## #>#
####.#####.....## #####.#
##.#.# ##.......## #.....##
##....###.........####....#.##
#.....[['.........'......###..
##....###.........####....#.##
##.#.# ##.......## ##.##.##
#####.# ##.....##########.#


You could see a white ugly thing.

Vanquished Creatures
  A two-headed ogre (D:8)
  A spriggan (D:8)
  The ghost of Delanovic the Caller, an amateur DrSu (D:4)
  Menkaure (D:7)
  A water moccasin (D:7)
  Duvessa (D:7)
  An ice beast (D:8)
  A black bear (D:8)
  A phantom (D:6)
  3 ogres
  2 necrophages
  2 centaurs
  3 bullfrogs
  Dowan (D:7)
  2 scorpions
  13 killer bees (D:8)
  2 howler monkeys
  3 crimson imps
  A centaur zombie (D:6)
  A bullfrog skeleton (D:7)
  3 hounds
  2 jellies (D:7)
  2 orc priests
  2 orc wizards (D:8)
  A centaur skeleton (D:4)
  5 worker ants
  7 adders
  6 river rats (Sewer)
  2 shadow imps
  3 oozes
  An adder zombie (D:8)
  2 adder skeletons
  A worm (D:3)
  A dart slug (D:1)
  4 leopard geckos
  9 orcs
  3 giant cockroaches
  6 goblins
  4 hobgoblins
  12 jackals
  6 kobolds
  6 quokkas
  6 ball pythons
  13 bats
  16 frilled lizards
  A leopard gecko zombie (D:8)
  14 rats
180 creatures vanquished.

Notes
Turn   | Place    | Note
-------+----------+-------------------------------------------
     0 | D:1      | Delanovic the Troll Berserker began the quest for the Orb.
     0 | D:1      | Reached XP level 1. HP: 22/22 MP: 0/0
    83 | D:1      | Reached XP level 2. HP: 25/29 MP: 1/1
   214 | D:1      | Reached skill level 3 in Maces & Flails
   599 | D:1      | Reached XP level 3. HP: 36/36 MP: 2/2
   842 | D:2      | Reached ** piety under Trog
  1237 | D:2      | Found a deep blue altar of Sif Muna.
  1559 | D:2      | Reached XP level 4. HP: 45/45 MP: 3/3
  2132 | D:2      | Found a burning altar of Makhleb.
  2132 | D:2      | Noticed a blizzard demon
  2135 | D:2      | Noticed an orange demon
  2135 | D:2      | Noticed a smoke demon
  2180 | D:3      | Found a snail-covered altar of Cheibriados.
  2619 | D:3      | Found a shimmering altar of Xom.
  2904 | D:3      | Reached *** piety under Trog
  2946 | D:3      | Found a sacrificial altar of Ru.
  3180 | D:4      | Reached XP level 5. HP: 37/53 MP: 4/4
  3319 | D:4      | Found a glowing drain.
  3330 | Sewer    | Entered a sewer
  3517 | Sewer    | Reached skill level 4 in Maces & Flails
  3914 | D:4      | Noticed Delanovic's ghost (amateur DrSu)
  3947 | D:4      | Killed Delanovic's ghost
  3947 | D:4      | Reached XP level 6. HP: 26/62 MP: 5/5
  4193 | D:4      | Found a stormy altar of Qazlal.
  4303 | D:4      | Found a staircase to the Ecumenical Temple.
  4312 | D:4      | Found a radiant altar of Vehumet.
  5060 | D:5      | Entered Level 5 of the Dungeon
  5344 | D:5      | Reached XP level 7. HP: 68/70 MP: 6/6
  5611 | D:5      | Found a hide-covered altar of Uskayaw.
  6009 | D:6      | Reached skill level 5 in Maces & Flails
  6128 | D:6      | Reached **** piety under Trog
  6508 | D:6      | Found a bloodstained altar of Trog.
  6594 | D:6      | Found an ancient bone altar of Kikubaaqudgha.
  6640 | D:6      | Reached skill level 5 in Fighting
  6640 | D:6      | Reached skill level 5 in Dodging
  6758 | D:6      | Reached XP level 8. HP: 80/80 MP: 7/7
  6877 | D:7      | Noticed Duvessa
  6877 | D:7      | Noticed Dowan
  6890 | D:7      | Killed Duvessa
  6908 | D:7      | Killed Dowan
  7006 | D:7      | Reached skill level 6 in Maces & Flails
  7207 | D:7      | Found a white marble altar of Elyvilon.
  7208 | D:7      | Found a glowing silver altar of Zin.
  7212 | D:7      | Found an opulent altar of Gozag.
  7453 | D:7      | Noticed Menkaure
  7467 | D:7      | Killed Menkaure
  7556 | D:7      | Found a shattered altar of Ashenzari.
  8187 | D:8      | Reached XP level 9. HP: 74/89 MP: 8/8
  8290 | D:8      | Reached skill level 7 in Maces & Flails
  8833 | D:8      | HP: 2/92 [orc priest/divine providence (15)]
  8844 | D:8      | HP: 4/92 [something/magic dart (5)]
  8911 | D:8      | Noticed a two-headed ogre
  9052 | D:8      | Reached ***** piety under Trog
  9148 | D:8      | Killed a two-headed ogre
  9148 | D:8      | Reached skill level 8 in Maces & Flails
  9527 | D:8      | Reached XP level 10. HP: 87/102 MP: 9/9
  9890 | D:9      | Noticed a white ugly thing
  9917 | D:8      | Mangled by a white ugly thing

Skill      XL: |  1  2  3  4  5  6  7  8  9 |
---------------+----------------------------+-----
Maces & Flails | 3 4 5 6 8 |  8.1
Fighting       | 3 4 5 6 7 |  7.4
Dodging        | 3 4 5 6 7 |  7.4

Action                   |  1- 3 |  4- 6 |  7- 9 | 10-12 || total
-------------------------+-------+-------+-------+-------++-------
Melee: Mace              |   162 |   313 |   309 |       ||   784
       Flail             |       |       |    97 |    21 ||   118
Invok: Burn Spellbooks   |       |       |     1 |     1 ||     2
Evoke: Wand              |       |       |     2 |     1 ||     3
  Use: Scroll            |       |     6 |     9 |     1 ||    16
       Potion            |       |     3 |    13 |     1 ||    17
 Stab: Sleeping          |       |     2 |       |       ||     2
       Confused          |       |       |     3 |       ||     3
       Invisible         |       |       |     1 |       ||     1
  Eat: Chunk             |    11 |    19 |    30 |     1 ||    61
       Ration            |       |     5 |     3 |     1 ||     9
Armor: Animal skin       |   105 |   111 |   116 |     3 ||   335
       Skin              |       |       |       |     4 ||     4
Dodge: Dodged            |   138 |   165 |   224 |     7 ||   534
Block: Other             |       |    13 |    64 |     3 ||    80
